 Dungeon Sprint DCSS version 0.16-a0-3841-g2612308 (console) character file.

851 Monkaria the Fencer (level 8, -6/82 HPs)
             Began as a Hill Orc Fighter on Jan 30, 2015.
             Was a Plaything of Xom.
             Hit by a large rock thrown by a cyclops (30 damage)
             ... in the Dungeon (Sprint IX: "|||||||||||||||||||||||||||||").
             The game lasted 00:01:38 (434 turns).

Monkaria the Fencer (Hill Orc Fighter)               Turns: 434, Time: 00:01:38

Health: -6/82      AC: 10    Str: 21    XL:     8   Next: 1%
Magic:  8/8        EV:  8    Int:  8    God:    Xom [*.....]
Gold:   0          SH:  9    Dex: 13    Spells: 0 memorised, 7 levels left

rFire  . . .     SeeInvis .     p - +2 scimitar (flame)
rCold  . . .     Clarity  .     r - +2 ring mail
rNeg   . . .     SustAb   .     c - +0 shield
rPois  .         Gourm    .     q - +0 helmet
rElec  .         Spirit   .     (no cloak)
rCorr  .         Warding  .     (no gloves)
rMut   .         NoTele   +     (no boots)
MR     .....                    (no amulet)
Stlth  +.........               t - +3 ring of dexterity
                                s - +2 ring of protection

@: very slightly contaminated, not resistant to hostile enchantments, very
unstealthy
A: no striking features
a: Renounce Religion


You were in the Dungeon.
You worshipped Xom.
You were a special plaything of Xom.
You were not hungry.

You visited 1 branch

Inventory:

Hand weapons
 p - a +2 scimitar of flaming (weapon)
Armour
 c - a +0 shield (worn)
 q - a +0 helmet (worn)
 r - a +2 ring mail (worn)
Jewellery
 s - a +2 ring of protection (left hand)
 t - a +3 ring of dexterity (right hand)
Magical devices
 o - a wand of cold (5)
Scrolls
 k - a scroll of blinking
 m - 3 scrolls of remove curse
 n - 2 scrolls of amnesia
Potions
 e - a potion of might
 f - 5 potions of curing
 g - 3 potions of heal wounds
 h - a potion of haste
 i - 4 potions of magic
 j - a potion of berserk rage
 l - a potion of invisibility
Comestibles
 a - 3 chunks of flesh
 d - a meat ration


   Skills:
 - Level 11.0 Fighting
 * Level 15.1 Long Blades
 - Level 3.2 Armour
 - Level 3.2 Shields


You had 7 spell levels left.
You didn't know any spells.

Dungeon Overview and Level Annotations

Branches:
Dungeon (1/1)

Altars:
Cheibriados
Dithmenos
Elyvilon
Fedhas
Gozag
Kikubaaqudgha
Makhleb
Nemelex Xobeh
Okawaru
Qazlal
Ru
Sif Muna
Trog
Vehumet
Xom
Yredelemnul
Zin
The Shining One
Beogh
Jiyva
Lugonu


Message History

The crimson imp hits you but does no damage.
You hit the crimson imp.
The crimson imp is moderately wounded.
The crimson imp hits you but does no damage.
You miss the crimson imp.
The crimson imp is moderately wounded.
The crimson imp blinks!
You slash the ogre! You burn the ogre!
The ogre is heavily wounded.
You barely miss the ogre.
The ogre is heavily wounded.
The ogre hits you with a giant club!
* * * LOW HITPOINT WARNING * * *
You slash the ogre! You burn the ogre.
You kill the ogre!
Your Long Blades skill increases to level 15!
You have reached level 8!
The cyclops throws a large rock.
The large rock hits you!!
You die...
Xom chuckles heartily!

▓▓▓▓▓▓▓▓▓▓▓▓▓▓▓▓▓▓▓
[...).)....'5RC§@.+
▓▓▓▓▓▓▓▓▓▓▓▓▓▓▓▓▓▓▓
∆∆∆∆ ∆ ∆∆∆∆ ∆ ∆
∆∆∆∆∆


You could see a cyclops, an efreet and a crimson imp.

Vanquished Creatures
  A hill giant (D)
  A basilisk (D)
  2 ogres (D)
  2 worker ants (D)
  An adder skeleton (D)
  3 orcs (D)
  A bat (D)
  2 goblins (D)
  3 hobgoblins (D)
  3 kobolds (D)
19 creatures vanquished.

Vanquished Creatures (others)
  A butterfly (D)
1 creature vanquished.

Grand Total: 20 creatures vanquished

Notes
Turn   | Place    | Note
--------------------------------------------------------------
     0 | D        | Monkaria, the Hill Orc Fighter, began the quest for the Orb.
     0 | D        | Reached XP level 1. HP: 19/19 MP: 1/1
    13 | D        | Reached skill level 4 in Fighting
    26 | D        | Reached XP level 2. HP: 21/28 MP: 2/2
    39 | D        | Reached skill level 5 in Fighting
    39 | D        | Reached skill level 5 in Long Blades
    46 | D        | Found a glowing silver altar of Zin.
    46 | D        | Found a glowing golden altar of the Shining One.
    46 | D        | Found an ancient bone altar of Kikubaaqudgha.
    46 | D        | Found a basalt altar of Yredelemnul.
    46 | D        | Found a shimmering altar of Xom.
    46 | D        | Found a radiant altar of Vehumet.
    46 | D        | Found an iron altar of Okawaru.
    47 | D        | Found a burning altar of Makhleb.
    48 | D        | Found a deep blue altar of Sif Muna.
    49 | D        | Found a bloodstained altar of Trog.
    50 | D        | Found a sparkling altar of Nemelex Xobeh.
    51 | D        | Found a white marble altar of Elyvilon.
    52 | D        | Found a roughly hewn altar of Beogh.
    53 | D        | Found a viscous altar of Jiyva.
    54 | D        | Found a corrupted altar of Lugonu.
    55 | D        | Found a blossoming altar of Fedhas.
    56 | D        | Found a snail-covered altar of Cheibriados.
    57 | D        | Found a shadowy altar of Dithmenos.
    58 | D        | Found a stormy altar of Qazlal.
    59 | D        | Found an opulent altar of Gozag.
    60 | D        | Found a sacrificial altar of Ru.
   189 | D        | Became a worshipper of Xom of Enforced Whimsey
   216 | D        | Noticed an ogre
   216 | D        | Noticed a hill giant
   216 | D        | Noticed a worker ant
   226 | D        | Killed an ogre
   226 | D        | Reached skill level 7 in Fighting
   226 | D        | Reached skill level 8 in Long Blades
   226 | D        | Reached XP level 3. HP: 33/39 MP: 3/3
   226 | D        | Reached XP level 4. HP: 39/47 MP: 4/4
   226 | D        | Killed a worker ant
   226 | D        | Reached XP level 5. HP: 43/52 MP: 5/5
   228 | D        | XOM: butterfly on damage
   234 | D        | XOM: potion effect (curing)
   237 | D        | XOM: potion effect (curing)
   249 | D        | XOM: potion effect (curing)
   252 | D        | Killed a hill giant
   252 | D        | Reached skill level 11 in Fighting
   252 | D        | Reached skill level 13 in Long Blades
   252 | D        | Reached XP level 6. HP: 35/68 MP: 6/6
   252 | D        | Reached XP level 7. HP: 38/74 MP: 7/7
   284 | D        | XOM: divination: detect items
   414 | D        | Noticed a crimson imp
   414 | D        | Noticed a basilisk
   414 | D        | Noticed an efreet
   414 | D        | Noticed an ogre
   414 | D        | Noticed a worker ant
   414 | D        | Noticed a cyclops
   418 | D        | XOM: blink monster(s)
   419 | D        | Killed a basilisk
   419 | D        | Reached skill level 14 in Long Blades
   426 | D        | Killed a worker ant
   434 | D        | Killed an ogre
   434 | D        | Reached skill level 15 in Long Blades
   434 | D        | Reached XP level 8. HP: 24/82 MP: 8/8
   434 | D        | Hit by a large rock thrown by a cyclops

Action                   |  1- 3 |  4- 6 |  7- 9 || total
-------------------------+-------+-------+-------++-------
Melee: Long sword        |    28 |       |       ||    28
       Scimitar          |     8 |     8 |    17 ||    33
Evoke: Wand              |     1 |     1 |       ||     2
  Use: Scroll            |       |       |     1 ||     1
